 Dungeon Crawl Stone Soup version 0.23.0 (webtiles) character file.

Game seed: 14253567896830357803

58 Enish the Chopper (level 3, 33/33 HPs)
             Began as a Minotaur Berserker on Feb 17, 2019.
             Was a Follower of Trog.
             Got out of the dungeon alive.
             The game lasted 00:00:32 (941 turns).

Enish the Chopper (Minotaur Berserker)               Turns: 941, Time: 00:00:33

Health: 33/33      AC:  2    Str: 22    XL:     3   Next: 76%
Magic:  2/2        EV: 12    Int:  4    God:    Trog [*.....]
Gold:   45         SH:  0    Dex:  9    Spells: 2/2 levels left

rFire    . . .     SeeInvis .   a - +0 hand axe
rCold    . . .     Gourm    .   (no shield)
rNeg     . . .     Faith    .   b - +0 animal skin
rPois    .         Spirit   .   (helmet restricted)
rElec    .         Reflect  .   (no cloak)
rCorr    .         Harm     .   (no gloves)
MR       .....                  (no boots)
Stlth    +.........             (no amulet)
HPRegen  0.11/turn              (no ring)
MPRegen  0.08/turn              (no ring)

@: no status effects
A: retaliatory headbutt, horns 2
a: Berserk, Renounce Religion


You escaped.
You worshipped Trog.
Trog was aware of your devotion.
You were not hungry.

You visited 1 branch of the dungeon, and saw 2 of its levels.

You collected 45 gold pieces.

Inventory:

Hand Weapons
 a - a +0 hand axe (weapon)
Armour
 b - a +0 animal skin (worn)
Scrolls
 f - 4 scrolls of identify {unknown}
 g - a scroll of blinking {unknown}
 h - a scroll of enchant armour {unknown}
 k - a scroll of remove curse {unknown}
 l - a scroll of amnesia {unknown}
 n - a scroll of fog {unknown}
Potions
 c - a potion of invisibility {unknown}
 i - a potion of lignification {unknown}
 j - a potion of mutation {unknown}
 m - a potion of agility {unknown}
Comestibles
 d - a chunk of flesh
 e - 3 rations


   Skills:
 + Level 4.2 Fighting
 + Level 4.2 Axes
 + Level 3.2 Armour
 + Level 2.9 Dodging


You had 2 spell levels left.
You didn't know any spells.
Your spell library was empty.

Dungeon Overview and Level Annotations

Branches:
Dungeon (2/15)

Altars:


Innate Abilities, Weirdness & Mutations

You reflexively headbutt those who attack you in melee.
You have a pair of horns on your head.


Message History

Things that are here:
a +0 dagger; a +0 robe No target in view!
No target in view!
Found a stone staircase leading up.
No target in view!
There is a stone staircase leading up here.
Some of the chunks of flesh in your inventory have rotted away.
n - a scroll labeled VEM OLEXAPUQID Save game and exit?
Welcome back, Enish the Minotaur Berserker.
Trog says: Kill them all!
Press ? for a list of commands and other information.
There is a stone staircase leading up here.
You climb upwards.
There is a stone staircase leading down here.
You see here a +0 club.
There is a staircase leading out of the dungeon here.
Are you sure you want to leave the Dungeon?
This will make you lose the game!
You have escaped!

##≈≈≈≈≈≈≈≈≈≈..##
##≈≈≈≈≈≈≈≈≈≈≈≈..##
##≈≈≈≈≈≈≈≈≈≈≈≈≈≈..#
#≈≈≈8≈≈≈≈≈≈≈≈8≈≈≈.#
##≈≈≈≈≈≈≈≈≈≈≈≈≈≈≈≈.# ##
#.≈≈≈≈...≈≈≈≈≈≈≈≈≈.######.
#..≈≈.≈≈≈.≈≈≈≈≈≈≈≈......#.
#.≈..≈≈≈≈.>≈≈≈≈≈≈≈......#.
#.≈≈≈≈≈≈≈@.≈≈≈≈..≈........
#.≈≈≈≈≈≈≈≈.≈≈≈.≈≈.......##
#.≈≈≈≈≈≈≈≈≈...≈≈≈≈......#
#.≈≈≈≈≈≈≈≈≈≈≈≈≈≈≈≈......##
#####.≈≈≈8≈≈≈≈≈≈≈≈8≈≈≈......##
#.....#≈≈≈≈≈≈≈≈≈≈≈≈≈≈.......##
##.##...≈≈≈≈≈≈≈≈≈≈≈≈.........#
#..####.≈≈≈≈≈≈≈≈≈≈#.###..##..
##.# #........#....####.....


There were no monsters in sight!

Vanquished Creatures
  Jessica (D:2)
  A dart slug (D:1)
  3 leopard geckos
  A giant cockroach (D:1)
  7 hobgoblins (D:1)
  3 bats
  3 frilled lizards
  3 goblins
  3 kobolds
  2 rats (D:1)
27 creatures vanquished.

Notes
Turn   | Place    | Note
-------+----------+-------------------------------------------
     0 | D:1      | Enish the Minotaur Berserker began the quest for the Orb.
     0 | D:1      | Reached XP level 1. HP: 19/19 MP: 0/0
   106 | D:1      | Reached XP level 2. HP: 16/27 MP: 1/1
   658 | D:2      | Reached XP level 3. HP: 33/33 MP: 2/2
   849 | D:2      | Noticed Jessica
   851 | D:2      | Killed Jessica
   941 | D:$      | Got out of the dungeon alive.

Skill      XL: |  1  2 |
---------------+-------+-----
Fighting       | 4 |  4.2
Axes           | 4 |  4.2
Armour         | 3 |  3.2
Dodging        | |  2.9

Action                   || total
-------------------------++-------
Melee: Hand axe          ||    46
       Headbutt          ||     3
Invok: Berserk           ||     1
  Eat: Chunk             ||     1
Armor: Animal skin       ||     8
Dodge: Dodged            ||    40
